Map: Apotheosis LE

Players

Floyd

  • Race: Terran Terran
  • League: Silver

Gracz - Winner!

  • Race: Zerg Zerg
  • League: Silver

VOD

Have the link to the VOD?

Description

Time

  • Played on: Oct. 10, 2016, 1:19 p.m.
  • Length: 2:52
Show
View Real Time Build Order
Export as new Build Order

Floyd Terran 

Build Orders:  

Get SALT Encoding   

  12  0:01  SCV  
  13  0:17  Supply Depot  
  13  0:20  SCV  
  14  0:32  SCV  
  15  0:41  Barracks  
  15  0:44  SCV  
  16  0:56  SCV  
  17  1:04  Supply Depot  
  17  1:08  SCV  
  18  1:29  Marine  
  19  1:40  Command Center  
  19  1:47  Marine  
  20  2:04  Marine  
  21  2:18  Supply Depot  
  21  2:21  SCV  
  21  2:22  Marine  
  22  2:23  Barracks  
  23  2:33  SCV  
Show
View Real Time Build Order
Export as new Build Order

Gracz Zerg - Winner!

Build Orders: Pool First 

Get SALT Encoding   

  12  0:01  Drone  
  13  0:17  Drone  
  13  0:19  Overlord  
  14  0:38  Spawning Pool  
  14  0:40  Drone  
  14  0:45  Drone  
  15  1:11  Hatchery  
  15  1:18  Drone x2  
  15  1:19  Extractor  
  15  1:31  Zergling x4  
  17  1:49  Roach Warren  
  16  1:57  Zergling x2  
  16  1:58  Zergling x2  
  18  2:13  Drone  
  18  2:14  Drone  
  20  2:24  Zergling x2  
Tags
 
Add a new tag
Caveats
  • Supply blocks, unpowered buildings, or Contaminate may cause inaccurate times.
  • Supply counts are checked every 10 seconds.